 Dungeon Crawl Stone Soup version 0.31-a0-836-g3ceb0a68c4 (webtiles) character file.

Game seed: 17959912876124997718

89 redmage the Digger (level 4, -3/27 HPs)
             Began as an Octopode Earth Elementalist on Sept 27, 2023.
             Slain by a gnoll
             ... wielding a +0 flail
             ... led by a gnoll bouda
              (11 damage)
             ... on level 2 of the Dungeon.
             The game lasted 00:05:52 (2172 turns).

redmage the Digger (Octopode Earth Elementalist)    Turns: 2172, Time: 00:05:52

Health: -3/27      AC:  1    Str:  7    XL:     4   Next: 55%
Magic:  4/8        EV: 13    Int: 19    God:
Gold:   91         SH:  0    Dex: 12    Spells: 3/9 levels left

rFire   . . .        h - +3 whip (elec)
rCold   . . .        (no shield)
rNeg    . . .        (helmet restricted)
rPois   .            (no amulet)
rElec   .            (no ring)
rCorr   .            (no ring)
SInv    .            (no ring)
Will    .....        (no ring)
Stlth   +++          (no ring)
HPRegen 0.24/turn    (no ring)
MPRegen 0.11/turn    (no ring)
                     (no ring)

%: no passive effects
@: very slightly contaminated
A: almost no armour, amphibious, 8 rings, camouflage 1, gelatinous body 1,
(nimble swimmer 1), tentacles
a: no special abilities


You were on level 2 of the Dungeon.
You visited 1 branch of the dungeon, and saw 3 of its levels.

You collected 91 gold pieces.

Inventory:

Hand Weapons
 d - a +0 dagger of speed
 h - a +3 whip of electrocution (weapon)
Missiles
 i - 3 poisoned darts
 k - 5 atropa-tipped darts
Scrolls
 b - a scroll of noise {unknown}
 c - 3 scrolls of fog {unknown}
 f - a scroll of identify {unknown}
 j - a scroll of enchant armour {unknown}
Potions
 a - 2 potions of magic
 e - 3 potions of curing {unknown}
 g - 2 potions of enlightenment {unknown}


   Skills:
 - Level 2.0 Dodging
 - Level 2.6 Stealth
 + Level 3.1 Spellcasting
 + Level 1.1 Conjurations
 - Level 1.0 Transmutations
 + Level 4.1 Earth Magic


You had 3 spell levels left.
You knew the following spells:

 Your Spells              Type           Power      Damage    Failure   Level
a - Sandblast             Erth           36%        2d10      2%          1
b - Passwall              Tmut/Erth      10%        N/A       8%          2
c - Stone Arrow           Conj/Erth      26%        3d8       16%         3

Your spell library contained the following spells:

 Spells                   Type           Power      Damage    Failure   Level
 Magic Dart               Conj           28%        1d4       10%         1
 Searing Ray              Conj           14%        2d5       14%         2
 Brom's Barrelling Bould  Conj/Erth      13%        2d4       45%         4
 Petrify                  Tmut/Erth      12%        N/A       45%         4
 Fulminant Prism          Conj/Hex       2%         3d5       75%         4


Dungeon Overview and Level Annotations

Branches:
Dungeon (3/15)

Altars:

Annotations:
D:2 1 runed translucent door, Crazy Yiuf


Innate Abilities, Weirdness & Mutations

You cannot wear most types of armour.
You are amphibious.
You can wear up to eight rings at the same time.
Your skin changes colour to match your surroundings (Stealth+).
Your rubbery body absorbs attacks. (AC +1, EV +1)
((You are camouflaged when in or above water. (Stealth+)))
You have tentacles for arms and can constrict up to eight enemies at once.


Message History

A gnoll bouda comes into view. It is wielding a +0 whip.
Casting: Sandblast (safe; 2% risk of failure)
Confirm with . or Enter, or press ? or * to list all spells.
Aiming: Sandblast (safe; 2% risk of failure)
Press: ? - help, Shift-Dir - straight line, f - gnoll
Aim: a gnoll, wielding a +0 flail (84% to hit)
The blast of sand hits the gnoll.
The gnoll is moderately wounded.
The gnoll bouda shouts!
The gnoll shouts!
You hear a shout!
Unknown command.
The gnoll bouda calls upon its god to heal the gnoll.
The gnoll's wounds heal themselves!
The gnoll bouda gazes fiercely through you!
You feel your attacks grow feeble.
The gnoll bouda barks out a call to the hunt!
The gnoll picks up the pace!
You see here a bat corpse.
The gnoll attacks as it pursues you! The gnoll hits you with a +0 flail.
The gnoll attacks as it pursues you! The gnoll closely misses you.
The hobgoblin attacks as it pursues you!
The hobgoblin hits you.
Your attacks no longer feel as feeble.
The hobgoblin attacks as it pursues you!
The hobgoblin misses you. The gnoll hits you with a +0 flail.
The gnoll hits you with a +0 flail.
* * * LOW HITPOINT WARNING * * *
There is a stone staircase leading up here.
The gnoll misses you.
You climb upwards.
Level annotation: 1 runed translucent door, Crazy Yiuf
There is a stone staircase leading down here.
Casting: Sandblast (safe; 2% risk of failure)
Confirm with . or Enter, or press ? or * to list all spells.
Aiming: Stone Arrow (quite dangerous; 16% risk of failure)
Press: ? - help, Shift-Dir - straight line, f - gnoll
Aim: a gnoll, wielding a +0 flail (covering ground quickly, 72% to hit)
You miscast Stone Arrow.
You are very lightly contaminated with residual magic.
Nothing appears to happen.
The gnoll hits you with a +0 flail!
You die...

#..........### #.....
#..........# #.....
#.#####.#'##########.....
#.##.##.#.##.............
#.##....(................
#.##.##..##..............
#.##.##..................
#.##.##...#..............
#.##.##.@................
#.......g###.........)...
####.##.## #........#..##
#.##.# #........##...
#.##.####........####.
#####.##.#...........# #.
#.......(#....######## ##
#.##.................#
#.##......(..........#


You could see a gnoll (swift).

Vanquished Creatures
  3 adders
  A dart slug (D:2)
  5 ball pythons
  5 endoplasms
  4 giant cockroaches
  4 goblins
  4 hobgoblins
  6 jackals
  7 kobolds
  7 bats
  3 frilled lizards (D:2)
  6 rats
55 creatures vanquished.

Notes
Turn   | Place    | Note
-------+----------+-------------------------------------------
     0 | D:1      | redmage the Octopode Earth Elementalist began the quest for
                  | the Orb.
     0 | D:1      | Reached XP level 1. HP: 11/11 MP: 3/3
   218 | D:1      | Reached XP level 2. HP: 11/17 MP: 0/5
   218 | D:1      | You fall into a shaft and drop 1 floor!
   313 | D:2      | Learned a level 2 spell: Passwall
   394 | D:2      | Reached XP level 3. HP: 8/21 MP: 1/6
   398 | D:2      | Learned a level 3 spell: Stone Arrow
  1641 | D:2      | Reached XP level 4. HP: 27/27 MP: 6/8
  1840 | D:2      | Found a runed translucent door.
  1841 | D:2      | Noticed Crazy Yiuf
  1910 | D:2      | Reached skill level 4 in Earth Magic
  2068 | D:3      | Reached skill level 1 in Conjurations
  2172 | D:2      | Slain by a gnoll

Illustrated notes

Levels and vault maps discovered:
D:1:      erik_arrival_triangle_large, layout_basic
D:2:      layout_basic, uniq_crazy_yiuf_cottage
D:3:      layout_rooms, st_stairs_10, grunt_ministairs_12, uniq_natasha,
          uniq_terence

Skill      XL: |  1  2  3  4 |
---------------+-------------+-----
Spellcasting   | 3 |  3.1
Earth Magic    | 4 |  4.1
Conjurations   | 1 |  1.1
Dodging        | |  2.0
Stealth        | |  2.6
Transmutations | |  1.0

Action                     |  1- 3 |  4- 6 || total
---------------------------+-------+-------++-------
  Melee: Unarmed           |     7 |       ||     7
         Tentacles         |     6 |       ||     6
         Constrict         |     6 |     1 ||     7
         Dagger            |    26 |       ||    26
         Whip              |     3 |     5 ||     8
         Punch             |     1 |       ||     1
   Cast: Sandblast         |    40 |    13 ||    53
         Passwall          |     1 |       ||     1
   Stab: Sleeping          |     2 |     1 ||     3
 Armour: Skin              |    16 |     9 ||    25
  Dodge: Dodged            |    15 |     5 ||    20

Table legend: (Time is in decaauts)
 A = Elapsed time spent in this place.
 B = Non-inter-level travel time spent in this place.
 C = Inter-level travel time spent in this place.
 D = Time resting spent in this place.
 E = Time spent auto-exploring this place.
 F = Levels seen in this place.
 G = Mean time per level.
                   A        B        C        D        E       F      G
               +--------+--------+--------+--------+--------+-----+--------+
         Total |   2189 |   2031 |    158 |      8 |   1711 |   3 |  729.7 |
       Dungeon |   2189 |   2031 |    158 |      8 |   1711 |   3 |  729.7 |
               +--------+--------+--------+--------+--------+-----+--------+

Top non-repeatable levels by time:
     D:2: 1138 daAuts
     D:1: 938 daAuts
     D:3: 112 daAuts
